AoeStats
← Waldo Magnum

Arabia

510243406Analyzed
4v4 RM · 8h ago on Sep 30, 2026· 133m 12s· 8 players
Game mode
Random Map
Map size
Large (8 player)
Population
200
Speed
Normal
Resources
Standard
Victory
Conquest
Starting age
Dark Age
Ending age
Imperial Age
RankedLock teamsTeams togetherTeam positionsShared explorationLock speedFull tech treeHidden civsTurbo modeCheats
Victory
Defeat
🇲🇽 Bengalis · Mexico
932
+17
🇩🇴 Saxons · Dominican Republic
912
+18
🇲🇽 Britons · Mexico
881
+19
🇨🇦 Huns · Canada
681
+27
🇨🇱 Vietnamese · Chile
989
-22
🇨🇱 Inca · Chile
989
-22
🇺🇸 Cumans · United States
983
-22
🇦🇷 Bohemians · Argentina
821
-15
-_ElCrAkEn_-
0:26 Loom
11:16 Feudal Age
19:25 Horse Collar
27:32 Castle Age
25:43 Double-Bit Axe
27:03 Fletching
27:07 Gold Mining
27:11 Stone Mining
28:21 Wheelbarrow
27:52 Crossbowman
29:35 Forging
29:55 Padded Archer Armor
INK | Royal Prestige
1:46 Loom
12:48 Feudal Age
14:18 Double-Bit Axe
16:49 Wheelbarrow
27:35 Castle Age
27:31 Stone Mining
29:56 Redemption
30:57 Bow Saw
36:36 Hand Cart
39:28 Fletching
39:38 Padded Archer Armor
40:51 Padded Archer Armor
41:11 Horse Collar
41:37 Husbandry
44:12 Heavy Plow
45:59 Bodkin Arrow
46:19 Leather Archer Armor
47:08 Elite Skirmisher
51:51 Imperial Age
51:48 Gold Mining
53:33 Bracer
54:04 Ring Archer Armor
53:58 Ballistics
54:38 Chemistry
54:54 Conscription
54:51 Paiks
55:59 Elite Elephant Archer
58:32 Gold Shaft Mining
58:32 Crop Rotation
60:42 Town Watch
62:52 Scale Barding Armor
67:25 Masonry
66:39 Elite Ratha (Ranged)
70:20 Block Printing
72:20 Two-Man Saw
72:34 Bloodlines
71:46 Light Cavalry
73:18 Elite Battle Elephant
74:24 Chain Barding Armor
74:15 Forging
76:01 Plate Barding Armor
77:55 Murder Holes
83:32 Iron Casting
91:35 Blast Furnace
90:36 Scale Mail Armor
89:59 Pikeman
90:40 Squires
90:25 Arson
90:26 Gambesons
91:29 Halberdier
93:15 Caravan
96:55 Crossbowman
104:34 Arbalester
106:48 Man-at-Arms
107:43 Long Swordsman
108:27 Two-Handed Swordsman
109:33 Chain Mail Armor
109:10 Champion
111:59 Guard Tower
111:55 Arrowslits
114:12 Keep
deathly
13:28 Feudal Age
18:21 Castle Age
16:38 Double-Bit Axe
16:46 Horse Collar
23:10 Wheelbarrow
24:34 Bow Saw
24:39 Heavy Plow
27:22 Hand Cart
27:40 Gold Mining
27:40 Stone Mining
29:03 Light Cavalry
29:53 Bloodlines
29:44 Husbandry
30:03 Forging
29:59 Scale Barding Armor
31:47 Murder Holes
32:03 Masonry
36:45 Imperial Age
35:05 Iron Casting
34:50 Chain Barding Armor
37:55 Conscription
38:38 Blast Furnace
38:13 Plate Barding Armor
37:14 Hussar
41:38 Caravan
43:12 Gold Shaft Mining
42:55 Cavalier
65:11 Elite Skirmisher
65:57 Thumb Ring
76:16 Fletching
76:27 Padded Archer Armor
77:35 Bodkin Arrow
77:55 Leather Archer Armor
81:23 Heavy Cavalry Archer
82:28 Parthian Tactics
83:38 Bracer
89:33 Chemistry
88:54 Ballistics
Mandark39
10:33 Loom
12:19 Feudal Age
17:30 Castle Age
23:19 Double-Bit Axe
24:16 Horse Collar
29:12 Wheelbarrow
37:19 Imperial Age
34:34 Town Watch
34:58 Scale Mail Armor
35:41 Squires
35:27 Arson
36:09 Masonry
36:21 Ballistics
37:15 Fletching
40:09 Conscription
42:01 Forging
42:06 Chain Mail Armor
42:19 Elite Hearth Troop
43:36 Hoardings
46:57 Plate Mail Armor
47:03 Iron Casting
49:18 Chemistry
49:45 Shield Wall
52:03 Bodkin Arrow
73:49 Murder Holes
74:25 Architecture
83:58 Bow Saw
97:58 Onager
118:40 Elite Varangian Guard
120:06 Gambesons
128:39 Hand Cart
Windland
1:54 Loom
11:07 Feudal Age
14:16 Double-Bit Axe
16:32 Horse Collar
18:57 Forging
21:22 Arson
27:06 Castle Age
30:07 Wheelbarrow
30:43 Chemistry
36:37 Ballistics
37:00 Bow Saw
39:36 Heavy Plow
39:53 Hand Cart
44:06 Imperial Age
50:14 Wagenburg Tactics
merdish
9:27 Loom
11:40 Feudal Age
13:00 Double-Bit Axe
13:11 Fletching
15:25 Padded Archer Armor
18:50 Horse Collar
25:56 Castle Age
27:15 Bodkin Arrow
28:55 Bloodlines
29:28 Scale Barding Armor
31:05 Ballistics
35:12 Bow Saw
40:22 Chain Barding Armor
40:14 Forging
40:04 Scale Mail Armor
bepbruno14
8:21 Loom
10:27 Feudal Age
16:04 Double-Bit Axe
16:56 Horse Collar
16:41 Champi Runner
17:39 Gold Mining
18:06 Stone Mining
20:44 Arson
22:25 Wheelbarrow
24:33 Castle Age
22:49 Forging
25:19 Scale Mail Armor
26:45 Hand Cart
27:49 Squires
27:12 Champi Warrior
29:15 Chain Mail Armor
29:02 Heavy Plow
32:26 Pikeman
33:57 Bow Saw
34:29 Gold Shaft Mining
34:36 Stone Shaft Mining
35:30 Iron Casting
40:12 Imperial Age
37:50 Town Watch
39:55 Town Patrol
40:18 Capped Ram
41:59 Blast Furnace
41:30 Plate Mail Armor
40:34 Halberdier
41:26 Elite Champi Warrior
46:05 Elite Kamayuk
47:33 Siege Ram
52:54 Conscription
57:18 Crop Rotation
61:02 Sappers
110:16 Hoardings
Waldo Magnum
3:15 Loom
10:22 Feudal Age
11:10 Double-Bit Axe
21:02 Castle Age
19:13 Horse Collar
19:56 Fletching
21:52 Wheelbarrow
21:30 Gold Mining
22:18 Bow Saw
21:49 Elite Skirmisher
23:29 Town Watch
24:32 Crossbowman
26:40 Padded Archer Armor
27:35 Stone Mining
28:34 Bodkin Arrow
30:49 Thumb Ring
31:51 Ballistics
33:12 Hand Cart
33:47 Leather Archer Armor
33:30 Murder Holes
37:51 Imperial Age
36:14 Forging
36:04 Scale Mail Armor
38:00 Heavy Plow
39:46 Chemistry
38:52 Siege Engineers
38:49 Bracer
39:20 Ring Archer Armor
38:35 Capped Ram
39:15 Arbalester
41:24 Two-Man Saw
51:44 Paper Money
51:46 Treadmill Crane
52:18 Masonry
54:49 Imperial Skirmisher
54:51 Pikeman
55:31 Squires
58:58 Halberdier
59:26 Arson
62:32 Iron Casting
62:12 Chain Mail Armor
62:03 Scale Barding Armor
65:35 Light Cavalry
66:26 Bloodlines
77:53 Plate Mail Armor
77:44 Chain Barding Armor
102:46 Plate Barding Armor
107:31 Hoardings
Connection lost

Rejoining the realm…

Still unreachable

The connection could not be restored.

Session expired

The server has moved on; the page needs a fresh start.